 Dungeon Crawl Stone Soup version 0.23.1-37-gaa34b87 (webtiles) character file.

Game seed: 8458149631208869805

1390 Borgoz the Grappler (level 8, 0/66 (67) HPs)
             Began as a Ghoul Monk on Mar 21, 2019.
             Slain by an orc warrior
             ... wielding a +0 short sword
              (8 damage)
             ... on level 6 of the Dungeon.
             The game lasted 00:07:17 (4530 turns).

Borgoz the Grappler (Ghoul Monk)                    Turns: 4530, Time: 00:07:18

HP:   0/66 (67)     AC: 12    Str: 15 (20) XL:     8   Next: 68%
MP:   16/16         EV:  7    Int:  3 (7)  God:
Gold: 248           SH:  0    Dex:  8 (11) Spells: 7/7 levels left

rFire    . . .     SeeInvis .     - Unarmed
rCold    + . .     Gourm    .   (no shield)
rNeg     + + +     Faith    .   h - +0 chain mail (curse)
rPois    ∞         Spirit   .   (no helmet)
rElec    .         Reflect  .   (no cloak)
rCorr    .         Harm     .   (no gloves)
MR       +....                  t - +2 pair of boots
Stlth    ..........             (no amulet)
HPRegen  0.00/turn              u - ring of magical power
MPRegen  0.15/turn              A - ring of protection from magic

@: mighty, rotting
A: rotting body, claws 1, carnivore, cold resistance 1, negative energy
resistance 3, inhibited regeneration, torment resistance, unbreathing
a: no special abilities


You were on level 6 of the Dungeon.
You were not hungry.

You visited 1 branch of the dungeon, and saw 6 of its levels.

You collected 248 gold pieces.

Inventory:

Missiles
 r - 4 tomahawks of returning (quivered)
Armour
 h - a cursed +0 chain mail (worn)
 t - a +2 pair of boots (worn)
Jewellery
 c - an uncursed amulet of faith
 u - a ring of magical power (left claw)
 A - a ring of protection from magic (right claw)
Wands
 z - a wand of enslavement (7)
Scrolls
 f - 3 scrolls of teleportation {unknown}
 g - 2 scrolls of identify {unknown}
 l - 3 scrolls of fear {unknown}
 o - 2 scrolls of blinking {unknown}
 p - 3 scrolls of amnesia {unknown}
 q - 2 scrolls of remove curse {unknown}
 v - 3 scrolls of magic mapping {unknown}
 w - a scroll of enchant weapon {unknown}
 y - a scroll of enchant armour {unknown}
Potions
 a - 2 potions of might
 d - a potion of degeneration
 e - 2 potions of cancellation {unknown}
 i - 3 potions of flight {unknown}
 j - a potion of ambrosia {unknown}
 k - 2 potions of mutation
 m - 3 potions of heal wounds {unknown}
 n - 2 potions of brilliance {unknown}
 s - a potion of invisibility {unknown}
 x - a potion of curing {unknown}
Comestibles
 b - 6 rations


   Skills:
 + Level 4.7 Fighting
 + Level 4.5 Armour
 + Level 3.5 Dodging
 - Level 2.1 Stealth
 + Level 9.4 Unarmed Combat


You had 7 spell levels left.
You didn't know any spells.
Your spell library was empty.

Dungeon Overview and Level Annotations

Branches:
Dungeon (6/15)             Temple (0/1) D:5

Altars:
Hepliaklqana
Makhleb
Okawaru
Qazlal
Sif Muna
Trog


Innate Abilities, Weirdness & Mutations

Your body is rotting away.
You thrive on raw meat.
You are immune to poison.
You have sharp fingernails.
You are carnivorous and can eat meat at any time.
Your flesh is cold resistant. (rC+)
You are immune to negative energy. (rN+++)
You do not regenerate when monsters are visible.
You are immune to unholy pain and torment.
You can survive without breathing.


Message History

You barely miss the orc warrior.
The orc warrior is heavily wounded.
The orc warrior hits you with a +0 short sword!
* * * LOW HITPOINT WARNING * * *
You closely miss the orc warrior.
The orc warrior is heavily wounded.
You claw the orc warrior!
The orc warrior is almost dead.
The orc warrior hits you with a +0 short sword!
* * * LOW HITPOINT WARNING * * *
Okay, then.
It was a potion of mutation.
You feel extremely strange.
Your body decomposes!
You feel weakened.
Your body decomposes!
You feel weakened.
Your body decomposes!
You feel dopey.
The orc warrior hits you with a +0 short sword!
You die...

######## ... #
#.# # #.# # #.#
# #.# #
#######.#######
.
.ooo..o{.......
# #o#
############@#
#............#
##.############
####...##
........#
####...## ##.##
###


You could see an orc warrior and an orc priest.

Vanquished Creatures
  A phantom (D:4)
  3 ogres
  Blork the orc (D:4)
  2 bullfrogs
  A water moccasin skeleton (D:5)
  A scorpion (D:6)
  A crimson imp (D:5)
  A hound (D:5)
  A jelly (D:5)
  6 orc wizards
  A centaur zombie (D:6)
  An orc priest (D:5)
  2 iguanas (D:4)
  4 worker ants
  8 adders
  8 gnolls
  A shadow imp (D:5)
  4 dart slugs
  A worm (D:2)
  2 leopard geckos
  10 orcs
  2 ball pythons
  4 giant cockroaches
  9 goblins
  10 hobgoblins
  11 jackals
  2 quokkas
  7 bats
  12 frilled lizards
  A giant cockroach zombie (D:5)
  9 kobolds
  7 rats
134 creatures vanquished.

Notes
Turn   | Place    | Note
-------+----------+-------------------------------------------
     0 | D:1      | Borgoz the Ghoul Monk began the quest for the Orb.
     0 | D:1      | Reached XP level 1. HP: 19/19 MP: 0/0
    71 | D:1      | Reached XP level 2. HP: 9/25 MP: 1/1
   546 | D:1      | Reached XP level 3. HP: 31/32 MP: 2/2
   978 | D:2      | Found a burning altar of Makhleb.
   978 | D:2      | Found an iron altar of Okawaru.
  1022 | D:2      | Reached skill level 4 in Unarmed Combat
  1062 | D:2      | Reached XP level 4. HP: 29/40 MP: 3/3
  1133 | D:2      | Found a deep blue altar of Sif Muna.
  1298 | D:2      | Noticed a bullfrog
  1320 | D:2      | Killed a bullfrog
  1320 | D:2      | Reached skill level 1 in Armour
  1320 | D:2      | Reached XP level 5. HP: 18/46 MP: 4/4
  1635 | D:3      | Reached skill level 5 in Unarmed Combat
  2015 | D:3      | Reached XP level 6. HP: 45/52 MP: 5/5
  2177 | D:3      | Found a stormy altar of Qazlal.
  2653 | D:4      | Reached skill level 6 in Unarmed Combat
  2658 | D:4      | Noticed a phantom
  2684 | D:4      | Killed a phantom
  2684 | D:4      | Reached XP level 7. HP: 42/59 MP: 6/6
  2811 | D:4      | Noticed Blork the orc
  2823 | D:4      | Killed Blork the orc
  3142 | D:4      | Reached skill level 7 in Unarmed Combat
  3403 | D:5      | Entered Level 5 of the Dungeon
  3613 | D:5      | Reached XP level 8. HP: 67/67 MP: 7/7
  3635 | D:5      | Reached skill level 8 in Unarmed Combat
  3709 | D:5      | Found a staircase to the Ecumenical Temple.
  3905 | D:5      | Found a bloodstained altar of Trog.
  3905 | D:5      | Found a hazy altar of Hepliaklqana.
  4443 | D:6      | Noticed a troll
  4448 | D:6      | Reached skill level 9 in Unarmed Combat
  4530 | D:6      | Slain by an orc warrior

Skill      XL: |  1  2  3  4  5  6  7  8 |
---------------+-------------------------+-----
Dodging        | 3 |  3.5
Unarmed Combat | 4 5 6 7 9 |  9.4
Armour         | 1 2 3 4 |  4.5
Fighting       | 4 |  4.7
Stealth        | |  2.1

Action                   |  1- 3 |  4- 6 |  7- 9 || total
-------------------------+-------+-------+-------++-------
Melee: Unarmed           |   118 |   194 |   213 ||   525
       Punch             |     2 |     1 |     3 ||     6
  Use: Potion            |       |       |     3 ||     3
  Eat: Chunk             |     6 |    11 |     5 ||    22
Armor: Robe              |     4 |       |       ||     4
       Chain mail        |    40 |   106 |   101 ||   247
Dodge: Dodged            |    40 |    79 |    65 ||   184
